 Dungeon Crawl Stone Soup version 0.18.0-1-g0107ab7 (webtiles) character file.

17830 Chiseanne the Destroyer (level 12, -3/74 HPs)
             Began as a Demonspawn Wizard on May 4, 2016.
             Was an Initiate of Gozag.
             Killed from afar by an efreet (13 damage)
             ... with a bolt of fire
             ... on level 12 of the Dungeon on May 5, 2016.
             The game lasted 01:05:58 (17575 turns).

Chiseanne the Destroyer (Demonspawn Wizard)        Turns: 17575, Time: 01:05:58

Health: -3/74      AC: 16    Str:  7    XL:     12   Next: 22%
Magic:  0/38       EV: 12    Int: 25    God:    Gozag
Gold:   606        SH:  3    Dex: 12    Spells: 9 memorised, 6 levels left

rFire  . . .     SeeInvis .     a - +4 flail (protect)
rCold  . . .     Gourm    .     G - +2 robe {MR+}
rNeg   . . .     Faith    .     (no shield)
rPois  +         Spirit   +     b - +0 hat
rElec  .         Dismiss  .     I - +0 cloak
rCorr  .         Reflect  .     f - +1 pair of gloves
SustAt .         Harm     .     o - +0 pair of boots
MR     +....                    C - amulet of regeneration
Stlth  ++........               r - ring of poison resistance
                                m - ring of magical power

@: very slightly contaminated, hasted, repel missiles, very quick, somewhat
resistant to hostile enchantments, unstealthy
A: talons 2, large bone plates 2, powered by death 2, magic shield
a: Potion Petition, Call Merchant, Bribe Branch, Renounce Religion


You were on level 12 of the Dungeon.
You worshipped Gozag.
Gozag was noncommittal.
You were not hungry.

You visited 2 branches of the dungeon, and saw 13 of its levels.
You also visited: Ossuary.

You collected 2440 gold pieces.
You spent 580 gold pieces at shops.
You paid 1254 gold pieces to Gozag.

Inventory:

Hand Weapons
 a - a +4 flail of protection (weapon)
 e - the +3 hunting sling of Huffozihea {velocity, rN+ Int-5 Dex+6}
   (You bought it in a shop on level 9 of the Dungeon)

   Any stone fired from it inflicts extra damage.
   It affects your intelligence (-5).
   It affects your dexterity (+6).
   It protects you from negative energy.
 s - a +0 dagger of venom
 w - the +5 blowgun "Taux" {speed, rN+ SInv}
   (You bought it in a shop on level 11 of the Dungeon)

   Attacks with this weapon are significantly faster.
   It protects you from negative energy.
   It lets you see invisible.
Missiles
 g - 335 stones (quivered)
 h - 19 tomahawks
 l - 54 poisoned needles
 n - 16 curare-tipped needles
 p - 85 sling bullets
 q - 85 bolts
 B - 4 needles of sleeping
 D - 232 arrows
 J - 3 throwing nets
Armour
 b - a +0 hat (worn)
 f - a +1 pair of gloves (worn)
 o - a +0 pair of boots (worn)
 G - a +2 robe of magic resistance (worn)
 I - a +0 cloak (worn)
Jewellery
 m - a ring of magical power (left hand)
 r - a ring of poison resistance (right hand)
 A - an uncursed amulet of dismissal {unknown}
 C - an amulet of regeneration (around neck)
Wands
 j - a wand of digging (6/24)
 K - a wand of digging (11/24)
 O - a wand of acid (0/15)
Scrolls
 i - a scroll of remove curse
 t - 3 scrolls of fear
 L - a scroll of immolation
 Q - a scroll of recharging
Potions
 v - 4 potions of curing
 x - 2 potions of brilliance
 y - a potion of lignification
 z - 2 potions of flight
 H - a potion of invisibility
Books
 c - a book of Minor Magic

   Spells                             Type                      Level
   a - Magic Dart                     Conjuration                  1
   b - Blink                          Translocation                2
   c - Call Imp                       Summoning                    2
   d - Repel Missiles                 Charms/Air                   2
   e - Slow                           Hexes                        2
   f - Conjure Flame                  Conjuration/Fire             3
   g - Mephitic Cloud                 Conjuration/Poison/Air       3
 M - a book of Power

   Spells                             Type                      Level
   a - Fulminant Prism                Conjuration/Hexes            4
   b - Iskenderun's Mystic Blast      Conjuration                  4
   c - Venom Bolt                     Conjuration/Poison           5
   d - Bolt of Magma                  Conjuration/Fire/Earth       5
   e - Iron Shot                      Conjuration/Earth            6
   f - Orb of Destruction             Conjuration                  7
   g - Spellforged Servitor           Conjuration/Summoning        7
 R - a book of the Warp

   Spells                             Type                      Level
   a - Recall                         Summoning/Translocation      3
   b - Gell's Gravitas                Hexes/Translocation          3
   c - Force Lance                    Conjuration/Translocation    4
   d - Warp Weapon                    Charms/Translocation         5
   e - Summon Forest                  Summoning/Translocation      5
Comestibles
 d - 3 bread rations
 F - 5 meat rations


   Skills:
 - Level 1.7 Dodging
 - Level 1.7 Stealth
 * Level 13.1 Spellcasting
 * Level 13.9 Conjurations
   Level 1.0 Summonings
 - Level 0.8 Translocations


You had 6 spell levels left.
You knew the following spells:

 Your Spells              Type           Power        Failure   Level  Hunger
a - Magic Dart            Conj           ####         0%          1    None
b - Force Lance           Conj/Tloc      ######..     1%          4    None
c - Iskenderun's Mystic   Conj           ######..     1%          4    None
d - Mephitic Cloud        Conj/Pois/Air  #####...     1%          3    None
e - Conjure Flame         Conj/Fire      ######..     1%          3    None
f - Blink                 Tloc           N/A          4%          2    None
g - Venom Bolt            Conj/Pois      ######....   8%          5    ###....
h - Orb of Destruction    Conj           ######....   12%         7    ######.
i - Repel Missiles        Chrm/Air       ###...       8%          2    None


Dungeon Overview and Level Annotations

Branches:
Dungeon (12/15)            Temple (1/1) D:4            Lair (0/8) D:9
    Orc (0/2) D:10

Altars:
Ashenzari
Cheibriados
Dithmenos
Elyvilon
Fedhas
Gozag
Kikubaaqudgha
Makhleb
Nemelex Xobeh
Okawaru
Pakellas
Qazlal
Ru
Sif Muna
Trog
Vehumet
Xom
Yredelemnul
Zin
The Shining One

Shops:
D:4 *   D:9 (   D:11 (

Annotations:
D:4 Menkaure


Innate Abilities, Weirdness & Mutations

You have razor-sharp toenails.
You are mostly covered in large bone plates (AC +3, SH +3).
You regenerate health from kills.
When hurt, damage is shared between your health and your magic reserves.


Message History

* * * LOW HITPOINT WARNING * * *
Drink which item? (? for menu, Esc to quit)
You feel much better. The efreet gestures at you.
The fireball explodes!
The fireball engulfs you!
Drink which item? (? for menu, Esc to quit)
You feel yourself speed up. The efreet gestures at you.
The bolt of fire hits you!
* * * LOW HITPOINT WARNING * * *
Read which item? (? for menu, Esc to quit)
Okay, then.
Evoke which item? (* to show all) (? for menu, Esc to quit)
Okay, then.
Drink which item? (? for menu, Esc to quit)
Okay, then.
The efreet gestures at you. The bolt of fire hits you!
You die...
Your body crumbles into a pile of gold.

#.#####.###.#####.#####.#######
#...###....>.....)<............
###.#.....#######.#####.#######
#...#...........#.# #.#
#.###.....####..#.# #.# ## #.#
#####.####['#.## #.######.
###'#######.#........#
#......'.
............#........#
##'######.
.....########...@....##♣...♣#
## .....# #........##.....#
.....# #........##♣...♣#####
.....# #........##.....##...
###### #........####_#######
#........# ######.##
######R####### ##.....
#.§R.§...###.###......
#######§.......'............


You could see an efreet.

Vanquished Creatures
  Maud (D:12)
  Harold (D:12)
  2 centaur warriors (D:12)
  A queen ant (D:10)
  Pikel (D:7)
  2 hill giants
  A cyclops (D:12)
  A manticore (D:12)
  An ugly thing (D:11)
  An elephant (D:9)
  Psyche (D:9)
  A gargoyle (D:12)
  A redback zombie (D:12)
  Grinder (D:4)
  Sigmund (D:3)
  Grum (D:8)
  A human (D:8)
  11 yaks
  A wyvern (D:9)
  A hippogriff (D:10)
  A hungry ghost (D:11)
  9 soldier ants (D:10)
  3 orc warriors
  Duvessa (D:4)
  7 ice beasts
  2 black bears
  An eye of draining (D:11)
  A wasp (D:5)
  2 necrophages (D:10)
  4 sky beasts
  3 ogres
  4 wolves (D:8)
  5 centaurs
  A crocodile (D:10)
  8 giant frogs
  Dowan (D:4)
  A wyvern skeleton (D:11)
  3 scorpions
  6 killer bees
  A wight (D:12)
  4 howler monkeys
  3 centaur zombies
  9 crimson imps
  7 hounds
  2 giant frog skeletons
  A centaur skeleton (D:12)
  A gnoll shaman (D:10)
  3 orc priests
  3 jellies
  Jessica (D:2)
  3 iguanas
  23 worker ants
  3 orc wizards
  6 sheep
  4 ogre zombies (Ossuary)
  A hound skeleton (D:5)
  7 mummies (Ossuary)
  2 howler monkey skeletons
  4 gnolls (D:10)
  9 adders
  3 shadow imps
  An ooze (D:3)
  4 adder zombies
  3 adder skeletons
  2 worms
  4 giant geckos
  40 orcs
  6 giant cockroaches
  6 goblins
  4 hobgoblins
  7 jackals
  3 quokkas
  A ball python (D:5)
  7 bats
  6 giant newts
  A gnoll zombie (Ossuary)
  6 goblin zombies (Ossuary)
  4 hobgoblin zombies (Ossuary)
  7 kobolds
  5 kobold zombies (Ossuary)
  2 quokka skeletons (D:4)
  3 quokka zombies (Ossuary)
  5 rats
  3 rat zombies (Ossuary)
  A fungus (D:9)
326 creatures vanquished.

Vanquished Creatures (others)
  A jelly (D:12)
  A gnoll (D:10)
  An orc (D:10)
  A quokka (D:7)
4 creatures vanquished.

Grand Total: 330 creatures vanquished

Notes
Turn   | Place    | Note
--------------------------------------------------------------
     0 | D:1      | Chiseanne the Demonspawn Wizard began the quest for the Orb.
     0 | D:1      | Reached XP level 1. HP: 13/13 MP: 4/4
   459 | D:1      | Gained mutation: When hurt, damage is shared between your health and your magic reserves. [demonic ancestry]
   459 | D:1      | Reached XP level 2. HP: 12/19 MP: 0/6
  1112 | D:1      | Learned a level 2 spell: Blink
  1115 | D:1      | Learned a level 2 spell: Repel Missiles
  1326 | D:2      | Noticed Jessica
  1354 | D:2      | Killed Jessica
  1354 | D:2      | Reached XP level 3. HP: 15/24 MP: 8/8
  1694 | D:1      | Learned a level 3 spell: Mephitic Cloud
  2085 | D:2      | Reached XP level 4. HP: 29/30 MP: 1/10
  2773 | D:2      | Found a shimmering altar of Xom.
  2773 | D:2      | Found a shattered altar of Ashenzari.
  3036 | D:3      | Found a faded altar to an unknown god.
  3233 | D:3      | Noticed Sigmund
  3249 | D:3      | Killed Sigmund
  3249 | D:3      | Reached XP level 5. HP: 35/35 MP: 6/12
  3387 | D:3      | Learned a level 3 spell: Conjure Flame
  3399 | D:3      | Reached skill level 5 in Spellcasting
  3399 | D:3      | Gained mutation: You have sharp toenails. [demonic ancestry]
  3399 | D:3      | Reached XP level 6. HP: 24/41 MP: 1/13
  3767 | D:4      | Noticed Dowan
  3847 | D:4      | Noticed Grinder
  3848 | D:4      | Paralysed by Grinder for 4 turns
  3850 | D:4      | Noticed Duvessa
  4132 | D:4      | Reached skill level 5 in Conjurations
  4171 | D:4      | Found a sand-covered staircase.
  4175 | Ossuary  | Entered an ossuary
  5005 | Ossuary  | Gained mutation: You regenerate a little health from kills. [demonic ancestry]
  5005 | Ossuary  | Reached XP level 7. HP: 32/46 MP: 8/15
  5811 | D:4      | Found Lesat's Elemental Accessories.
  6190 | D:4      | Noticed Menkaure
  6215 | D:4      | Gained mutation: You are clumsy. (Dex -2) [potion of mutation]
  6215 | D:4      | Gained mutation: You regenerate slowly when monsters are visible. [potion of mutation]
  6215 | D:4      | Gained mutation: You have a pair of small horns on your head. [potion of mutation]
  6236 | D:5      | Entered Level 5 of the Dungeon
  6509 | D:5      | Gained mutation: You are partially covered in large bone plates (AC +2, SH +2). [demonic ancestry]
  6509 | D:5      | Reached XP level 8. HP: 51/52 MP: 18/18
  6520 | D:5      | Lost mutation: You have a pair of small horns on your head. [potion of cure mutation]
  6520 | D:5      | Lost mutation: You regenerate slowly when monsters are visible. [potion of cure mutation]
  6520 | D:5      | Lost mutation: You are clumsy. (Dex -2) [potion of cure mutation]
  6836 | D:5      | Found an opulent altar of Gozag.
  6854 | D:5      | Became a worshipper of Gozag Ym Sagoz the Greedy
  6889 | D:5      | Found a glowing silver altar of Zin.
  6929 | D:5      | Found a sparkling altar of Nemelex Xobeh.
  8617 | D:7      | Noticed Pikel
  8627 | D:7      | Killed Pikel
  8627 | D:7      | Gained mutation: You regenerate health from kills. [demonic ancestry]
  8627 | D:7      | Reached XP level 9. HP: 49/57 MP: 13/21
  8705 | D:7      | Found a blossoming altar of Fedhas.
  9139 | D:8      | Noticed Grum
  9416 | D:8      | Killed Grum
  9876 | D:8      | Noticed a hill giant
  9898 | D:8      | Killed a hill giant
  9898 | D:8      | Reached skill level 10 in Conjurations
 10235 | D:9      | Found a staircase to the Lair.
 10235 | D:9      | Noticed an elephant
 10248 | D:9      | Killed an elephant
 10248 | D:9      | Gained mutation: You are mostly covered in large bone plates (AC +3, SH +3). [demonic ancestry]
 10248 | D:9      | Reached XP level 10. HP: 36/63 MP: 11/23
 10704 | D:9      | Reached skill level 10 in Spellcasting
 10794 | D:9      | Found a shadowy altar of Dithmenos.
 10958 | D:9      | Noticed Psyche
 10972 | D:9      | Killed Psyche
 11304 | D:4      | Killed Grinder
 11360 | D:4      | Found a staircase to the Ecumenical Temple.
 11369 | Temple   | Entered the Ecumenical Temple
 11508 | D:4      | Killed Duvessa
 11519 | D:4      | Killed Dowan
 11834 | D:9      | Bought the cursed +3 hunting sling of Huffozihea {velocity, rN+ Int-5 Dex+6} for 385 gold pieces
 11950 | D:10     | Entered Level 10 of the Dungeon
 11950 | D:10     | Found an ancient bone altar of Kikubaaqudgha.
 13144 | D:10     | Gained mutation: You have razor-sharp toenails. [demonic ancestry]
 13144 | D:10     | Reached XP level 11. HP: 51/68 MP: 22/26
 13230 | D:10     | Noticed a queen ant
 13250 | D:10     | Killed a queen ant
 13942 | D:10     | Found a staircase to the Orcish Mines.
 14247 | D:10     | Learned a level 4 spell: Iskenderun's Mystic Blast
 14253 | D:10     | Learned a level 5 spell: Venom Bolt
 14261 | D:10     | Learned a level 7 spell: Orb of Destruction
 14261 | D:10     | Upgraded the game from 0.18-b1-22-ge198996 to 0.18.0-1-g0107ab7
 14578 | D:10     | Noticed a hill giant
 14586 | D:10     | Killed a hill giant
 15342 | D:11     | Bought a translucent blowgun for 195 gold pieces
 15342 | D:11     | Identified the +5 blowgun "Taux" {speed, rN+ SInv} (You bought it in a shop on level 11 of the Dungeon)
 15532 | D:11     | Noticed a brown ugly thing
 15554 | D:11     | Killed a brown ugly thing
 16142 | D:12     | Noticed Maud
 16155 | D:12     | Killed Maud
 16470 | D:12     | Learned a level 4 spell: Force Lance
 16950 | D:12     | Found a glowing golden altar of the Shining One.
 17065 | D:12     | Noticed Harold
 17090 | D:12     | Reached XP level 12. HP: 74/74 MP: 5/28
 17113 | D:12     | Noticed a centaur warrior
 17119 | D:12     | Killed Harold
 17121 | D:12     | Killed a centaur warrior
 17318 | D:12     | Noticed a centaur warrior
 17327 | D:12     | Killed a centaur warrior
 17575 | D:12     | Killed from afar by an efreet

Skill      XL: |  1  2  3  4  5  6  7  8  9 10 11 12 |
---------------+-------------------------------------+-----
Conjurations   | 2 4 5 6 8 10 11 13 | 13.9
Spellcasting   | 4 5 6 8 9 11 12 13 | 13.1
Dodging        | |  1.7
Stealth        | |  1.7
Summonings     | |  1.0
Translocations | |  0.8

Action                   |  1- 3 |  4- 6 |  7- 9 | 10-12 || total
-------------------------+-------+-------+-------+-------++-------
Melee: Dagger            |     8 |       |    75 |   292 ||   375
       Short sword       |    17 |     8 |       |       ||    25
       Kick              |       |       |     3 |       ||     3
       Headbutt          |       |       |     2 |       ||     2
       Flail             |       |       |    19 |    45 ||    64
 Fire: Hunting sling     |       |       |       |    14 ||    14
Throw: Stone             |       |       |     1 |       ||     1
 Cast: Magic Dart        |    65 |   200 |   327 |   440 ||  1032
       Repel Missiles    |     1 |       |       |     1 ||     2
       Blink             |     2 |     2 |     3 |    12 ||    19
       Mephitic Cloud    |     1 |     7 |    26 |    37 ||    71
       Conjure Flame     |       |     2 |    15 |    42 ||    59
       Iskenderun's Myst |       |       |       |    47 ||    47
       Force Lance       |       |       |       |    13 ||    13
       Orb of Destructio |       |       |       |     1 ||     1
       Venom Bolt        |       |       |       |     5 ||     5
Invok: Call Merchant     |       |       |       |     2 ||     2
Evoke: Wand              |       |       |     5 |    14 ||    19
       Deck              |       |       |     1 |     1 ||     2
  Use: Potion            |     2 |       |     8 |     3 ||    13
       Scroll            |       |     5 |    12 |    12 ||    29
 Stab: Confused          |       |       |     2 |     2 ||     4
       Distracted        |       |       |       |     1 ||     1
       Sleeping          |       |       |       |     1 ||     1
  Eat: Chunk             |     3 |     7 |     2 |       ||    12
       Beef jerky        |     1 |     1 |     2 |     1 ||     5
       Meat ration       |       |       |     2 |       ||     2
       Bread ration      |       |       |     1 |     2 ||     3
       Pizza             |       |       |     3 |     5 ||     8
       Fruit             |       |       |       |     4 ||     4
Armor: Robe              |     3 |    20 |    42 |   127 ||   192
Dodge: Dodged            |    37 |    33 |   107 |   204 ||   381
       Deflected         |       |       |     2 |     4 ||     6
Block: Other             |       |       |     3 |    36 ||    39
